 Dungeon Crawl Stone Soup version 0.31.0-1-g2c135a008e (webtiles) character file.

Game seed: 1346590978515532023

98 qw the Shooter (level 5, -2/40 HPs)
             Began as a Djinni Hunter on Jan 24, 2024.
             Slain by an orc
             ... wielding a +0 hand axe
              (6 damage)
             ... on level 3 of the Dungeon.
             The game lasted 00:00:04 (1169 turns).

qw the Shooter (Djinni Hunter)                      Turns: 1169, Time: 00:00:04

Health: -2/40      AC:  5    Str: 10    XL:     5   Next: 0%
Gold:   21         EV: 11    Int: 11    God:
                   SH:  0    Dex: 18

rFire   + + .        a - +0 shortbow (heavy)
rCold   x . .        (shield currently unavailable)
rNeg    . . .        d - +0 ring mail
rPois   inf          (no helmet)
rElec   .            (no cloak)
rCorr   .            (no gloves)
SInv    .            (boots unavailable)
Will    .....        (no amulet)
Stlth   +            (no ring)
HPRegen 0.26/turn    (no ring)
MPRegen 0.00/turn

%: infuse magic (-3 HP)
@: flying
A: sickness immunity, fire resistance 2, cold vulnerability 1, float, innate
caster, HP casting, extra vitality 1
a: no special abilities


You were on level 3 of the Dungeon.
You visited 1 branch of the dungeon, and saw 3 of its levels.

You collected 21 gold pieces.


Innate Abilities, Weirdness & Mutations

You are immune to sickness and miasma.
You are immune to poison.
Your flesh is very heat resistant. (rF++)
You are vulnerable to cold. (rC-)
You float through the air rather than walking.
You learn spells naturally, not from books.
Your magical power is your life essence.
You have superior vitality. (+4 MHP)


   Skills:
 - Level 3.0 Fighting
 + Level 4.2 Ranged Weapons
 - Level 1.3 Armour
 - Level 2.1 Dodging
 - Level 0.7 Stealth


You knew the following spells:

 Your Spells              Type           Power      Damage    Failure   Level
a - Shock                 Conj/Air       0%         1d3       65%         1
b - Searing Ray           Conj           0%         2d4       80%         2
Your spell library was empty.

Inventory:

Hand Weapons
 a - a +0 heavy shortbow (weapon)
Armour
 d - a +0 ring mail (worn)
Wands
 c - a wand of paralysis (8)
Potions
 f - a potion of curing

Dungeon Overview and Level Annotations

Branches:
Dungeon (3/15)

Altars:


Message History

You shoot an arrow. The arrow hits the ball python!
You kill the ball python!
The orc priest hits you with a +0 dagger.
The orc closely misses you.
The orc priest hits you with a +0 dagger.
The orc barely misses you.
Your Fighting skill increases to level 3!
You shoot an arrow.
The arrow hits the orc priest but does no damage.
The orc priest closely misses you. The orc hits you but does no damage.
You shoot an arrow. The arrow barely misses the orc priest.
The orc priest hits you but does no damage.
The orc throws a boomerang.
The boomerang misses you. The orc hits you with a +0 short sword.
The orc priest closely misses you.
The orc throws a boomerang.
The boomerang closely misses you. The orc barely misses you.
You shoot an arrow. The arrow hits the orc priest!
The orc priest is severely wounded.
The orc priest misses you.
The orc throws a boomerang.
The boomerang hits you. The orc completely misses you.
The orc priest closely misses you. The orc hits you but does no damage.
You shoot an arrow. The arrow barely misses the orc priest.
The orc priest hits you but does no damage.
The orc completely misses you. The orc misses you.
The orc priest barely misses you. The orc completely misses you.
The orc misses you.
You shoot an arrow. The arrow hits the orc priest!
You kill the orc priest!
The orc hits you but does no damage. The orc barely misses you.
The orc hits you but does no damage. The orc hits you with a +0 hand axe.
You have reached level 5!
The power to cast Searing Ray wells up from within.
Spell assigned to 'b'.
You shoot an arrow. The arrow barely misses the orc.
The orc barely misses you. The orc hits you with a +0 short sword.
The orc barely misses you. The orc hits you but does no damage.
You shoot an arrow. The arrow completely misses the orc.
The orc hits you with a +0 hand axe. The orc closely misses you. x2
The orc hits you with a +0 hand axe.
You die...

#### #..
#o#######
#@o......
#..)......#
#.[.......+
#.........#
#.........+
#....)....#
#.[.......#
#.........#


You could see 2 orcs.

Vanquished Creatures
  An orc priest (D:3)
  2 adders (D:2)
  2 dart slugs (D:1)
  A ribbon worm (D:2)
  2 orcs
  4 bats
  An endoplasm (D:1)
  5 goblins
  2 hobgoblins (D:1)
  5 quokkas
  6 ball pythons
  2 frilled lizards
  6 kobolds
  6 rats
45 creatures vanquished.

Notes
Turn   | Place    | Note
-------+----------+-------------------------------------------
     0 | D:1      | qw the Djinni Hunter began the quest for the Orb.
     0 | D:1      | Reached XP level 1. HP: 18/18 MP: 0/0
     0 | D:1      | 0 ||| qw: Version: 0.3-a-136-gdd3b4e8
     0 | D:1      | 0 ||| qw: Game counter: 1376
     0 | D:1      | 0 ||| qw: Melee chars always use a shield: true
     0 | D:1      | 0 ||| qw: God list: Okawaru
     0 | D:1      | 0 ||| qw: Allow faded altars: false
     0 | D:1      | 0 ||| qw: Do Orc after clearing Dungeon:15 true
     0 | D:1      | 0 ||| qw: Do second Lair branch before Depths: true
     0 | D:1      | 0 ||| qw: Lair rune preference: random
     0 | D:1      | 0 ||| qw: Goals: Normal
     0 | D:1      | 0 ||| PLANNING D:1-11
   111 | D:1      | Reached XP level 2. HP: 23/23 MP: 0/0
   189 | D:1      | Reached skill level 4 in Ranged Weapons
   189 | D:1      | Reached XP level 3. HP: 19/28 MP: 0/0
   189 | D:1      | Learned a level 1 spell: Shock
   445 | D:1      | 445 ||| UPGRADING to +0 ring mail.
   455 | D:1      | 455 ||| DROPPING +0 leather armour.
   456 | D:1      | 456 ||| READING scroll labelled LEDDIE KEFAYT.
   456 | D:1      | 456 ||| BRANDING +0 shortbow.
   457 | D:1      | 457 ||| READING scroll labelled RIUCAL QACIZ.
   458 | D:1      | 458 ||| READING 2 scrolls labelled AJIEMI LOMOTOE.
   458 | D:1      | 458 ||| IDENTIFYING orange potion
   459 | D:1      | 459 ||| READING scroll of identify.
   459 | D:1      | 459 ||| IDENTIFYING fizzy pink potion
   460 | D:1      | 460 ||| READING scroll labelled YKHU UZUOVVA.
   460 | D:1      | 460 ||| ENCHANTING +0 heavy shortbow.
   461 | D:1      | 461 ||| DROPPING scroll of butterflies.
   462 | D:1      | 462 ||| DROPPING potion of degeneration.
   792 | D:2      | Reached skill level 1 in Armour
   792 | D:2      | Reached XP level 4. HP: 34/34 MP: 0/0
  1118 | D:2      | 1118 ||| READING scroll of identify.
  1118 | D:2      | 1118 ||| IDENTIFYING scroll labelled ZOAMI RETSYELL
  1119 | D:2      | 1119 ||| DROPPING scroll of vulnerability.
  1147 | D:3      | 1147 ||| STAIRDANCE
  1153 | D:3      | 1153 ||| STAIRDANCE
  1163 | D:3      | Reached skill level 3 in Fighting
  1165 | D:3      | HP: 7/35 [orc/boomerang (3)]
  1168 | D:3      | Reached XP level 5. HP: 7/40 MP: 0/0
  1168 | D:3      | Learned a level 2 spell: Searing Ray
  1169 | D:3      | Slain by an orc

Levels and vault maps discovered:
D:1:      amcnicky_arrival_feature_with_door, layout_rooms, minmay_vboxes
D:2:      layout_loops_ring
D:3:      minmay_wonky_spiral, layout_basic, mainiacjoe_overflow_alcove_1

Skill      XL: |  1  2  3  4 |
---------------+-------------+-----
Ranged Weapons | 4 |  4.2
Armour         | 1 |  1.3
Fighting       | 3 |  3.0
Dodging        | |  2.1
Stealth        | |  0.7

Action                     |  1- 3 |  4- 6 || total
---------------------------+-------+-------++-------
   Fire: Shortbow          |    75 |    21 ||    96
    Use: Scroll            |     5 |     1 ||     6
 Armour: Leather armour    |    11 |       ||    11
         Ring mail         |     3 |    32 ||    35
  Dodge: Dodged            |    24 |    34 ||    58

Table legend:
 A = Non-vault XP
 B = Vault XP
 C = Vault XP percentage of total XP
 D = Non-vault monster count
 E = Vault monster count
 F = Vault count percentage of total count
                 A         B        C        D         E       F
            +---------+---------+-------+---------+---------+-------
      Total |     126 |      14 |  10.0 |      39 |       6 |  13.3
            +---------+---------+-------+---------+---------+-------
        D:1 |      33 |      14 |  29.8 |      21 |       6 |  22.2
        D:2 |      47 |       0 |   0.0 |      15 |       0 |   0.0
        D:3 |      46 |       0 |   0.0 |       3 |       0 |   0.0
            +---------+---------+-------+---------+---------+-------
